 Dungeon Crawl Stone Soup version 0.30-b1-2-g02819fbbbe (webtiles) character file.

Game seed: 7983948790514879032

444 Xpam the Chopper (level 7, -1/56 HPs)
             Began as a Human Reaver on Aug 24, 2023.
             Was an Initiate of Ru.
             Killed by an exploding hound (46 damage)
             ... ignited by their inner flame
             ... on level 5 of the Dungeon.
             The game lasted 00:10:24 (4134 turns).

Xpam the Chopper (Human Reaver)                     Turns: 4134, Time: 00:10:24

Health: -1/56      AC:  3    Str: 12    XL:     7   Next: 23%
Magic:  10/10      EV:  9    Int: 15    God:    Ru [......]
Gold:   245        SH: 10    Dex: 26    Spells: 9/10 levels left

rFire   . . .        c - +1 dagger (venom)
rCold   . . .        r - +0 kite shield
rNeg    . . .        l - +0 ring mail
rPois   .            (no helmet)
rElec   .            n - +0 cloak
rCorr   .            (no gloves)
SInv    .            (no boots)
Will    .....        (no amulet)
Stlth   ++           m - +6 ring of dexterity
HPRegen 0.29/turn    q - +6 ring of dexterity
MPRegen 0.12/turn

%: no passive effects
@: no status effects
A: thin skeletal structure 1, deformed body, wild magic 1
a: Renounce Religion


You were on level 5 of the Dungeon.
You worshipped Ru.
Ru was noncommittal.
You visited 1 branch of the dungeon, and saw 5 of its levels.

You collected 245 gold pieces.

Inventory:

Hand Weapons
 a - a +0 hand axe
 c - a +1 dagger of venom (weapon)
Missiles
 f - 7 poisoned darts (quivered)
Armour
 b - a +0 leather armour
 l - a +0 ring mail (worn)
 n - a +0 cloak (worn)
 r - a +0 kite shield (worn)
Jewellery
 m - a +6 ring of dexterity (left hand)
 p - a ring of resist corrosion
 q - a +6 ring of dexterity (right hand)
Scrolls
 e - a scroll of enchant weapon
 h - a scroll of vulnerability {unknown}
 i - 3 scrolls of teleportation
 k - a scroll of amnesia
 s - a scroll of fear {unknown}
 u - a scroll of blinking
 v - a scroll of noise {unknown}
 w - 3 scrolls of identify
Potions
 d - 2 potions of curing
 g - a potion of mutation
 j - 2 potions of brilliance
 t - a potion of heal wounds {unknown}


   Skills:
 - Level 5.0 Fighting
 - Level 2.0 Short Blades
 - Level 5.2 Axes
 - Level 2.0 Dodging
 + Level 1.7 Shields
 - Level 2.0 Spellcasting
 - Level 3.0 Conjurations


You had 9 spell levels left.
You knew the following spells:

 Your Spells              Type           Power      Damage    Failure   Level
a - Kiss of Death         Conj/Necr      28%        2d7       82%         1

Your spell library contained the following spells:

 Spells                   Type           Power      Damage    Failure   Level
 Momentum Strike          Conj/Tloc      14%        3d8       90%         2
 Hailstorm                Conj/Ice       7%         3d4       99%         3


Dungeon Overview and Level Annotations

Branches:
Dungeon (5/15)
 Temple: D:4-7

Altars:
Ashenzari
Fedhas
Nemelex Xobeh
Ru
Yredelemnul

Annotations:
D:4 2 transporters


Innate Abilities, Weirdness & Mutations

You have a somewhat thin skeletal structure. (Dex +2, Stealth+)
Armour fits poorly on your strangely shaped body.
Your spells are a little harder to cast, but a little more powerful.


Message History

Found a stone staircase leading down.
You now have 230 gold pieces (gained 18).
You now have 245 gold pieces (gained 15).
Found a stone staircase leading down.
h - a scroll labelled USTRIEXA BYNURGH
Found 8 stones.
Found a blossoming altar of Fedhas.
w - 2 scrolls of identify (gained 1)
w - 3 scrolls of identify (gained 1)
A hound comes into view.
The hound barks!
Okay, then.
An ice beast comes into view.
You barely miss the ice beast. The ice beast hits you.
The ice beast freezes you! The ice beast attacks as you move away!
The ice beast hits you but does no damage.
The hound attacks as you move away! You block the hound's attack.
The hound closely misses you. The hound attacks as you move away!
The hound bites you but does no damage.
You aren't carrying any items that you can evoke.
Unknown command.
Okay, then.
Okay, then.
Okay, then.
Okay, then.
You hit the hound.
The hound is poisoned.
The hound is lightly wounded.
The hound bites you. You block the hound's attack.
Really read the scroll of immolation?
As you read the scroll of immolation, it crumbles to dust.
The creatures around you are filled with an inner flame!
Flame seeps out of the hound.
The hound is engulfed in blazing flames.
Flame seeps out of the hound.
You block the hound's attack.
The hound is engulfed in blazing flames.
The hound explodes!
The fiery explosion engulfs you!!!
Ouch! That really hurt!
You die...

#..............#
#........# #
#####.#######.##
...........##### #..
#.# #.......##..>....
#..# #.#
#.......######### #..#
#.# ####....### # ...#
# #.# #........#
...###.##.# #........#
..........####§.......#
####......@○Y..#
###########.# .# .# ##


You could see an ice beast (inner flame).

Vanquished Creatures
  A phantom (D:4)
  3 orc priests (D:5)
  Crazy Yiuf (D:4)
  2 hounds
  Jessica (D:2)
  6 gnolls
  7 adders
  2 worms
  2 dart slugs
  3 orcs
  5 bats
  8 endoplasms
  2 giant cockroaches
  7 goblins
  2 hobgoblins
  4 jackals (D:4)
  5 quokkas
  3 ball pythons (D:1)
  2 frilled lizards
  2 kobolds (D:2)
  4 rats
72 creatures vanquished.

Notes
Turn   | Place    | Note
-------+----------+-------------------------------------------
     0 | D:1      | Xpam the Human Reaver began the quest for the Orb.
     0 | D:1      | Reached XP level 1. HP: 16/16 MP: 3/3
   168 | D:1      | Reached XP level 2. HP: 21/22 MP: 5/5
  1028 | D:1      | Reached XP level 3. HP: 18/27 MP: 6/6
  1199 | D:2      | Noticed Jessica
  1204 | D:2      | Killed Jessica
  1205 | D:2      | Reached XP level 4. HP: 22/33 MP: 7/7
  1346 | D:2      | Reached skill level 5 in Axes
  1597 | D:2      | Reached XP level 5. HP: 38/38 MP: 8/8
  2837 | D:3      | Reached XP level 6. HP: 48/48 MP: 9/9
  2854 | D:4      | Found a transporter.
  2891 | D:4      | Found a runed translucent door.
  2892 | D:4      | Noticed Crazy Yiuf
  3178 | D:4      | Found a basalt altar of Yredelemnul.
  3231 | D:4      | Reached skill level 5 in Fighting
  3492 | D:4      | Found a transporter.
  3571 | D:4      | Killed Crazy Yiuf
  3572 | D:4      | Reached skill level 1 in Short Blades
  3720 | D:5      | Entered Level 5 of the Dungeon
  3744 | D:5      | Found a broken altar of Ashenzari.
  3744 | D:5      | Found a sparkling altar of Nemelex Xobeh.
  3753 | D:5      | Found a sacrificial altar of Ru.
  3765 | D:5      | Became a worshipper of Ru the Awakened
  3791 | D:5      | Reached XP level 7. HP: 56/56 MP: 10/10
  3792 | D:5      | Gained mutation: Your spells are a little harder to cast,
                  | but a little more powerful. [potion of mutation]
  3792 | D:5      | Gained mutation: Armour fits poorly on your strangely
                  | shaped body. [potion of mutation]
  3792 | D:5      | Gained mutation: You have a somewhat thin skeletal
                  | structure. (Dex +2, Stealth+) [potion of mutation]
  3802 | D:5      | Reached skill level 1 in Shields
  4003 | D:5      | Found a blossoming altar of Fedhas.
  4134 | D:5      | Killed by an exploding hound... ignited by their inner
                  | flame

Illustrated notes

Levels and vault maps discovered:
D:1:      minmay_arrival_widening_spiral_wide, layout_basic
D:2:      layout_loops_ring, ebering_dispersal_statue_hall, uniq_jessica
D:3:      minmay_spotlight, layout_basic
D:4:      gammafunk_cloud_chamber, layout_rooms, old_standard_altar,
          corexii_corridor_pit, uniq_crazy_yiuf_cottage
D:5:      layout_basic, fedhas_altar_decomposition,
          chequers_temple_overflow_statue_of_worship, minmay_temple_entry_mist

Skill      XL: |  1  2  3  4  5  6  7 |
---------------+----------------------+-----
Axes           | 4 5 |  5.2
Fighting       | 3 5 |  5.0
Short Blades   | 2 |  2.0
Shields        | 1 |  1.7
Dodging        | |  2.0
Spellcasting   | |  2.0
Conjurations   | |  3.0

Action                     |  1- 3 |  4- 6 |  7- 9 || total
---------------------------+-------+-------+-------++-------
  Melee: Hand axe          |    61 |    64 |       ||   125
         Dagger            |       |   164 |    15 ||   179
         Punch             |       |     1 |       ||     1
  Throw: Dart              |     6 |     9 |       ||    15
    Use: Potion            |     3 |       |     2 ||     5
         Scroll            |     1 |     4 |     1 ||     6
 Armour: Leather armour    |    14 |       |       ||    14
         Ring mail         |     8 |    73 |     2 ||    83
         Skin              |       |       |     9 ||     9
  Dodge: Dodged            |    44 |   127 |     3 ||   174
  Block: Kite shield       |       |     1 |    17 ||    18
